 Dungeon Crawl Stone Soup version 0.27-a0-1139-g28e009f8a6 (webtiles) character file.

Game seed: 8671357472999683613

301 heikuro the Skirmisher (level 6, -7/49 HPs)
             Began as a Formicid Abyssal Knight on May 8, 2021.
             Was a Believer of Lugonu.
             Killed by nerve-wracking pain
             ... invoked by AtomicRavioli's ghost
              (9 damage)
             ... on level 4 of the Dungeon.
             The game lasted 00:06:49 (4958 turns).

heikuro the Skirmisher (Formicid Abyssal Knight)    Turns: 4958, Time: 00:06:49

Health: -7/49      AC: 11    Str: 19    XL:     6   Next: 64%
Magic:  8/8        EV:  6    Int: 11    God:    Lugonu [**....]
Gold:   84         SH:  0    Dex: 10    Spells: 5/5 levels left

rFire    . . .     SeeInvis +   l - +0 hand axe (vorpal)
rCold    . . .     Faith    .   (no shield)
rNeg     . . .     Spirit   .   f - +0 plate armour
rPois    .         Reflect  .   (helmet unavailable)
rElec    .         Harm     .   (no cloak)
rCorr    .         Rampage  .   (no gloves)
Will     .....                  (no boots)
Stlth    ..........             (no amulet)
HPRegen  0.16/turn              (no ring)
MPRegen  0.11/turn              (no ring)

@: lethally poisoned (-7 -> -26)
A: permanent stasis, dig shafts and tunnels, antennae 3, four strong arms
a: Dig, Shaft Self, Renounce Religion, Depart the Abyss, Bend Space


You were on level 4 of the Dungeon.
You worshipped Lugonu.
Lugonu was pleased with you.
You visited 1 branch of the dungeon, and saw 4 of its levels.
You visited the Abyss 1 time.

You collected 84 gold pieces.

Inventory:

Hand Weapons
 l - a +0 vorpal hand axe (weapon)
Missiles
 m - 6 boomerangs
Armour
 f - a +0 plate armour (worn)
Wands
 n - a wand of polymorph (12)
Scrolls
 a - a scroll of noise {unknown}
 c - a scroll of amnesia {unknown}
 d - 4 scrolls of enchant weapon {unknown}
 e - 2 scrolls of fog {unknown}
 h - a scroll of enchant armour {unknown}
 i - a scroll of holy word {unknown}
 k - a scroll of teleportation {unknown}
 r - a scroll of fear {unknown}
Potions
 g - 2 potions of curing
 j - a potion of mutation
 o - a potion of cancellation
 p - a potion of berserk rage {unknown}
 q - a potion of flight {unknown}


   Skills:
 + Level 4.4 Fighting
 * Level 4.3 Axes
 + Level 3.6 Armour
 - Level 1.0 Dodging
 + Level 3.9 Invocations


You had 5 spell levels left.
You didn't know any spells.
Your spell library contained the following spells:

 Spells                   Type           Power      Damage    Failure   Level
 Animate Skeleton         Necr           0%         N/A       100%        1
 Apportation              Tloc           0%         N/A       100%        1
 Corona                   Hex            0%         N/A       100%        1
 Summon Small Mammal      Summ           0%         N/A       100%        1
 Call Imp                 Summ           0%         N/A       100%        2
 Call Canine Familiar     Summ           0%         N/A       100%        3
 Summon Guardian Golem    Hex/Summ       0%         N/A       100%        3
 Summon Ice Beast         Ice/Summ       0%         N/A       100%        4
 Summon Lightning Spire   Summ/Air       0%         N/A       100%        4


Dungeon Overview and Level Annotations

Branches:
Dungeon (4/15)
 Temple: D:4-7

Altars:
Dithmenos

Annotations:
D:4 AtomicRavioli's ghost, amateur NaNe


Innate Abilities, Weirdness & Mutations

You cannot be hasted, slowed, berserked, paralysed or teleported.
You can dig through walls and to a lower floor.
You have a pair of large antennae on your head. (SInv)
Your four strong arms can wield two-handed weapons with a shield.


Message History

You are more poisoned.
You hit AtomicRavioli's ghost.
AtomicRavioli's ghost is lightly damaged.
You feel very sick.
AtomicRavioli's ghost says, "You will join me soon!"
AtomicRavioli's ghost hits you but does no damage.
You are more poisoned.
Unknown command.
You slash AtomicRavioli's ghost!
AtomicRavioli's ghost is moderately damaged.
You feel very sick.
AtomicRavioli's ghost hits you but does no damage.
You are more poisoned.
AtomicRavioli's ghost barely misses you.
You hit AtomicRavioli's ghost but do no damage.
AtomicRavioli's ghost is moderately damaged.
You feel very sick. AtomicRavioli's ghost hits you.
You are lethally poisoned!
You are too injured to fight recklessly!
You hit AtomicRavioli's ghost.
AtomicRavioli's ghost is moderately damaged.
* * * LOW HITPOINT WARNING * * *
You feel very sick.
AtomicRavioli's ghost hits you but does no damage.
You are too injured to fight recklessly!
You hit AtomicRavioli's ghost but do no damage.
AtomicRavioli's ghost is moderately damaged.
* * * LOW HITPOINT WARNING * * *
You feel very sick.
AtomicRavioli's ghost hits you but does no damage.
You are more poisoned.
You are too injured to fight recklessly!
You barely miss AtomicRavioli's ghost.
AtomicRavioli's ghost is moderately damaged.
* * * LOW HITPOINT WARNING * * *
You feel very sick.
AtomicRavioli's ghost points at you and mumbles some strange words.
Pain shoots through your body!
You die...

###.......# #.#.#####
.........######.#..(...
#..)#....<........#
##.#...####.#..##.#
#......###.#..#
#..........# .#
##....#########
##..†#≈≈≈≈≈≈
##.@Wr≈≈≈)≈ #..#r≈≈≈≈≈
#..####### #.## #.# #.#
.. ##


You could see AtomicRavioli's ghost, a river rat and a rat.

Vanquished Creatures
  A bullfrog (D:4)
  An orc priest (D:3)
  Terence (D:2)
  Natasha (thrice) (D:2)
  A howler monkey skeleton (D:3)
  An adder (D:2)
  2 worms
  A dart slug (D:3)
  13 orcs
  8 ball pythons
  5 endoplasms
  2 goblins (D:1)
  5 hobgoblins
  8 jackals
  A quokka (D:3)
  11 bats
  2 frilled lizards
  5 kobolds
  2 rats (D:2)
73 creatures vanquished.

Notes
Turn   | Place    | Note
-------+----------+-------------------------------------------
     0 | Abyss:1  | heikuro the Formicid Abyssal Knight began the quest for the
                  | Orb.
     0 | Abyss:1  | Reached XP level 1. HP: 18/18 MP: 2/2
    65 | Abyss:1  | Noticed a small abomination
    73 | D:1      | Escaped the Abyss
   137 | D:1      | Reached * piety under Lugonu
   138 | D:1      | Reached skill level 1 in Dodging
   472 | D:1      | Found a faded altar of an unknown god.
   534 | D:1      | Reached XP level 2. HP: 19/24 MP: 3/3
  1164 | D:1      | Reached XP level 3. HP: 29/29 MP: 4/4
  1714 | D:2      | Noticed Terence
  1732 | D:2      | Killed Terence
  1733 | D:2      | Reached XP level 4. HP: 32/37 MP: 6/6
  1808 | D:2      | Found a shadowy altar of Dithmenos.
  2302 | D:2      | Reached ** piety under Lugonu
  2310 | D:2      | Noticed Natasha
  2317 | D:2      | Killed Natasha
  2318 | D:2      | Reached XP level 5. HP: 37/42 MP: 7/7
  2397 | D:2      | Noticed Natasha
  2418 | D:2      | Killed Natasha
  2697 | D:2      | Noticed Natasha
  2704 | D:2      | Killed Natasha
  2917 | D:2      | Found a shadowy altar of Dithmenos.
  3798 | D:3      | Reached XP level 6. HP: 48/48 MP: 8/8
  4927 | D:4      | Found a runed translucent door.
  4927 | D:4      | Noticed AtomicRavioli's ghost (amateur NaNe)
  4958 | D:4      | HP: 2/49 [poisoned by AtomicRavioli's ghost]
  4958 | D:4      | Killed from afar by AtomicRavioli's ghost

Illustrated notes

Levels and vault maps discovered:
D:1:      psy_arrival_spokes, layout_loops_corners,
          ebering_ecumenical_altar_mist
D:2:      layout_loops_cross, basic_altar, minmay_tromino_i2, uniq_natasha,
          uniq_terence
D:3:      layout_loops_ring
D:4:      layout_loops_ring, ebering_ghost_sewer_f, serial_bayou_pond_b,
          minmay_between, uniq_edmund

Skill      XL: |  1  2  3  4  5  6 |
---------------+-------------------+-----
Dodging        | 1 |  1.0
Axes           | 3 4 |  4.3
Invocations    | 3 |  3.9
Fighting       | 4 |  4.4
Armour         | 3 |  3.6

Action                   |  1- 3 |  4- 6 || total
-------------------------+-------+-------++-------
Melee: Hand axe          |   114 |   155 ||   269
       Unarmed           |       |    17 ||    17
Invok: Depart the Abyss  |     1 |       ||     1
 Abil: Dig               |     2 |     2 ||     4
  Use: Scroll            |       |     3 ||     3
Armor: Leather armour    |    44 |       ||    44
       Plate armour      |    26 |   102 ||   128
Dodge: Dodged            |    91 |    40 ||   131

Table legend: (Time is in decaauts)
 A = Elapsed time spent in this place.
 B = Non-inter-level travel time spent in this place.
 C = Inter-level travel time spent in this place.
 D = Time resting spent in this place.
 E = Time spent auto-exploring this place.
 F = Levels seen in this place.
 G = Mean time per level.
                   A        B        C        D        E       F      G
               +--------+--------+--------+--------+--------+-----+--------+
         Total |   4996 |   4854 |    142 |   1635 |   2358 |   5 |  999.2 |
       Dungeon |   4923 |   4781 |    142 |   1635 |   2358 |   4 | 1230.8 |
         Abyss |     73 |     73 |      0 |      0 |      0 |   1 |   73.0 |
               +--------+--------+--------+--------+--------+-----+--------+

Top non-repeatable levels by time:
     D:2: 2074 daAuts
     D:3: 1410 daAuts
     D:1: 1392 daAuts
 Abyss:1: 73 daAuts
     D:4: 46 daAuts
